 Dungeon Crawl Stone Soup version 0.13-a0-2606-g170388b (webtiles) character file.

1450 Delarado the Ruinous (level 8, -4/41 HPs)
             Began as a Deep Elf Fire Elementalist on Aug 4, 2013.
             Slain by an orc warrior
             ... wielding a -1,+1 orcish glaive
              (21 damage)
             ... on Level 6 of the Dungeon.
             The game lasted 00:41:24 (7171 turns).

Delarado the Ruinous (Deep Elf Fire Elementalist)   Turns: 7171, Time: 00:41:24

HP  -4/41        AC  5     Str  7      XL: 8   Next: 26%
MP  17/25        EV 13     Int 21      God:
Gold 200         SH  0     Dex 15      Spells:  4 memorised, 10 levels left

Res.Fire  : . . .   See Invis. : .   e - +1 orc short sword (freeze)
Res.Cold  : . . .   Warding    : .   M - +0 elf robe
Life Prot.: . . .   Conserve   : +   (no shield)
Res.Poison: .       Res.Corr.  : .   (no helmet)
Res.Elec. : .       Clarity    : .   s - +1 cloak
Sust.Abil.: . .     Spirit.Shd : .   (no gloves)
Res.Mut.  : .       Stasis     : .   v - +0 pair of boots
Res.Rott. : .       Flight     : .   B - amulet of conservation
Saprovore : . . .                    (no ring)
                                     g - ring of invisibility

@: somewhat resistant to hostile enchantments, fairly stealthy
A: no striking features
a: Evoke Invisibility


You were on level 6 of the Dungeon.
You were not hungry.

You visited 1 branch of the dungeon, and saw 6 of its levels.

You collected 180 gold pieces.

Inventory:

Hand weapons
 a - a +0,+0 sling
 e - a +1,+1 orcish short sword of freezing (weapon)
 w - a +3,+1 elven dagger
Missiles
 l - 2 darts
 r - 8 needles of sleeping
 t - 19 stones
 y - 2 silver javelins
 z - 23 poisoned needles
 H - a javelin (quivered)
 I - 12 sling bullets of flame
Armour
 s - a +1 cloak (worn)
 v - a +0 pair of boots (worn)
 G - a +0 elven cloak
 M - a +0 elven robe (worn)
Comestibles
 c - 3 bread rations
 d - a meat ration
 j - a pear
 p - a rotting chunk of quokka flesh
Scrolls
 f - 2 scrolls of magic mapping
 h - a scroll of fog
 k - a scroll of remove curse
 n - a scroll of teleportation
 o - 2 scrolls of identify
 q - a scroll of fear {unknown}
Jewellery
 g - a ring of invisibility (left hand)
 B - an amulet of conservation (around neck)
Potions
 i - 3 potions of curing
 m - a potion of heal wounds
 u - a potion of speed {unknown}
 A - 3 potions of restore abilities
Books
 b - a book of Flames

   Spells                             Type                      Level
   *Flame Tongue                      Conjuration/Fire             1
   *Throw Flame                       Conjuration/Fire             2
   *Conjure Flame                     Conjuration/Fire             3
   Inner Flame                        Hexes/Fire                   3
   *Sticky Flame                      Conjuration/Fire             4
   Fireball                           Conjuration/Fire             5


   Skills:
 - Level 2.4 Dodging
 - Level 2.4 Stealth
 + Level 6.6 Spellcasting
 + Level 7.2 Conjurations
 + Level 6.6 Fire Magic
 - Level 2.0 Evocations


You had 10 spell levels left.
You knew the following spells:

 Your Spells              Type           Power        Failure   Level  Hunger
a - Flame Tongue          Conj/Fire      #####        1%          1    None
b - Conjure Flame         Conj/Fire      #####...     1%          3    ##.....
c - Throw Flame           Conj/Fire      #####.       1%          2    None
d - Sticky Flame          Conj/Fire      #####...     6%          4    ###....


Dungeon Overview and Level Annotations

Branches:
Dungeon (6/27)                Orc (0/4) D:6
 Temple: D:4-7

Altars:
Ashenzari
Elyvilon
Makhleb
Okawaru
Sif Muna
Trog
Yredelemnul
Zin

Annotations
D:2 exclusion: worm


Message History

The orc warrior burns!
You kill the orc warrior!
The orc warrior unwields an uncursed orcish long sword.
The orc warrior drops an uncursed orcish long sword.
The orc warrior picks up an orcish glaive.
The orc warrior wields an orcish glaive.
You see here a hound corpse.
The orc warrior throws a dart.
The dart hits you!
The orc warrior hits you but does no damage.
Casting: Sticky Flame
Confirm with . or Enter, or press ? or * to list all spells.
Aiming: Sticky Flame
Press: ? - help, Shift-Dir - straight line, f - orc warrior
Aim: an orc warrior, wielding an orcish glaive and wearing an orcish plate armour The sticky flame hits the orc warrior.
The orc warrior appears unharmed.
The orc warrior is covered in liquid flames!
The orc warrior burns!
The orc warrior hits you with an orcish glaive!
Ouch! That really hurt!
You die...

######.###>...........
#..........##.###.###.
###
#.###########.#.......
##.#####.# #.#.#.##..
#..%..##.########
#.#.#.###.
##.##.>.........##
#.#.#.# #.
#.#####.#####...###.#.#.#
#. #.#
#.####.#.#.#..#.#.####
#.# #.##.@..............#
#.#
#.##.#o....#.##.#.#.##
#.#
#.##.#.###.#.##.#....#
#.# #.##.#.#
#.#....#.###. #.#
#.##%#.###.#..###.# #.
#.#####.##.##.(.##o.#
#.###.
#.......##.###.###..#
##...#
#..######...........#
##### #(.# #..###.###.##
#


You could see an orc warrior (burning).

Vanquished Creatures
  Grinder (D:5)
  4 orc warriors (D:6)
  A sky beast (D:6)
  A phantom (D:5)
  An ogre (D:6)
  A crimson imp (D:6)
  2 hounds
  3 orc wizards (D:5)
  A scorpion (D:5)
  A worker ant (D:4)
  A jelly (D:6)
  6 adders
  A worm (D:3)
  A giant mite (D:2)
  2 giant geckos
  13 orcs
  4 giant cockroaches
  10 goblins
  9 hobgoblins
  3 jackals (D:6)
  A ball python (D:2)
  15 bats
  2 giant newts
  9 kobolds
  2 quokkas
  7 rats
102 creatures vanquished.

Vanquished Creatures (others)
  An orc (D:6)
  A kobold (D:6)
2 creatures vanquished.

Grand Total: 104 creatures vanquished

Notes
Turn   | Place    | Note
--------------------------------------------------------------
     0 | D:1      | Delarado, the Deep Elf Fire Elementalist, began the quest for the Orb.
     0 | D:1      | Reached XP level 1. HP: 10/10 MP: 4/4
   463 | D:1      | Reached XP level 2. HP: 15/15 MP: 3/6
   744 | D:1      | Reached skill level 1 in Evocations
  1043 | D:2      | Reached XP level 3. HP: 13/19 MP: 1/9
  2015 | D:2      | Reached XP level 4. HP: 20/24 MP: 6/12
  2342 | D:3      | Reached skill level 4 in Fire Magic
  2375 | D:3      | Learned a level 3 spell: Conjure Flame
  2378 | D:3      | Learned a level 2 spell: Throw Flame
  3060 | D:3      | Found a deep blue altar of Sif Muna.
  3239 | D:4      | Reached XP level 5. HP: 28/28 MP: 8/15
  3909 | D:4      | Found an iron altar of Okawaru.
  4098 | D:5      | Entered Level 5 of the Dungeon
  4480 | D:5      | Found a white marble altar of Elyvilon.
  4532 | D:5      | Found a basalt altar of Yredelemnul.
  4559 | D:5      | Reached XP level 6. HP: 32/32 MP: 13/18
  4590 | D:5      | Found a shattered altar of Ashenzari.
  4655 | D:5      | Noticed Grinder
  4655 | D:5      | Noticed a troll
  4662 | D:5      | Killed Grinder
  4662 | D:5      | Reached skill level 5 in Conjurations
  4662 | D:5      | Reached skill level 5 in Fire Magic
  4753 | D:5      | HP: 1/32 [troll (11)]
  5316 | D:5      | Found a burning altar of Makhleb.
  5318 | D:5      | Noticed a blizzard demon
  5320 | D:5      | Found a glowing silver altar of Zin.
  5322 | D:5      | Noticed an angel
  5338 | D:5      | Noticed a slave
  5359 | D:5      | Reached XP level 7. HP: 34/36 MP: 21/21
  5439 | D:5      | Noticed a phantom
  5472 | D:5      | Killed a phantom
  5550 | D:5      | Reached skill level 6 in Conjurations
  5881 | D:6      | Found a staircase to the Orcish Mines.
  5922 | D:6      | Reached skill level 5 in Spellcasting
  6094 | D:6      | Learned a level 4 spell: Sticky Flame
  6862 | D:6      | Found a bloodstained altar of Trog.
  6916 | D:6      | Reached XP level 8. HP: 41/41 MP: 24/24
  7129 | D:6      | Reached skill level 7 in Conjurations
  7171 | D:6      | Slain by an orc warrior

Action                   |  1- 3 |  4- 6 |  7- 9 || total
-------------------------+-------+-------+-------++-------
Melee: Dagger            |     1 |     7 |    55 ||    63
       Short sword       |       |       |     5 ||     5
 Fire: Sling             |       |    10 |    24 ||    34
Throw: Javelin           |    25 |    14 |       ||    39
       Dagger            |       |     3 |       ||     3
       Dart              |       |     2 |       ||     2
 Cast: Flame Tongue      |    59 |    60 |    43 ||   162
       Throw Flame       |       |    31 |    18 ||    49
       Conjure Flame     |       |     6 |     7 ||    13
       Sticky Flame      |       |       |     7 ||     7
  Use: Scroll            |     5 |    14 |     1 ||    20
       Potion            |       |       |     2 ||     2
